 Dungeon Crawl Stone Soup version 0.24.0-1-gfbc8707122 (webtiles) character file.

Game seed: 4837898105942624838, levelgen mode: deterministic

158 tilp the Poker (level 5, 0/38 HPs)
             Began as a Merfolk Skald on Oct 27, 2019.
             Was an Initiate of Ru.
             Slain by a bullfrog (3 damage)
             ... in a sewer.
             The game lasted 00:06:55 (2839 turns).

tilp the Poker (Merfolk Skald)                      Turns: 2839, Time: 00:06:57

Health: 0/38       AC:  4    Str: 11    XL:     5   Next: 40%
Magic:  4/8        EV: 15    Int: 13    God:    Ru [......]
Gold:   56         SH:  0    Dex: 14    Spells: 3/8 levels left

rFire    . . .     SeeInvis .   a - +0 spear
rCold    . . .     Gourm    .   (no shield)
rNeg     . . .     Faith    .   b - +0 leather armour
rPois    .         Spirit   .   (no helmet)
rElec    .         Reflect  .   (no cloak)
rCorr    .         Harm     .   f - +0 pair of gloves
MR       .....                  (boots currently unavailable)
Stlth    ++........             (no amulet)
HPRegen  0.12/turn              (no ring)
MPRegen  0.11/turn              (no ring)

@: singing, very slightly contaminated, very quick
A: change form in water, swift swim, stealthy swim
a: Renounce Religion


You were in a sewer.
You worshipped Ru.
Ru was noncommittal.
You were not hungry.

You visited 1 branch of the dungeon, and saw 3 of its levels.
You also visited: Sewer.

You collected 56 gold pieces.

Inventory:

Hand Weapons
 a - a +0 spear (weapon)
Missiles
 c - 24 sling bullets
 e - 15 stones (quivered)
 o - 13 poisoned darts
Armour
 b - a +0 leather armour (worn)
 f - a +0 pair of gloves (worn)
Jewellery
 j - a +2 ring of dexterity {unknown}
 p - an uncursed ring of positive energy {unknown}
Scrolls
 g - 3 scrolls of identify
 h - a scroll of remove curse {unknown}
 i - a scroll of noise {unknown}
Potions
 k - a potion of mutation
 m - a potion of flight
Comestibles
 d - 3 rations
 l - 12 chunks of flesh


   Skills:
 - Level 2.1 Fighting
 + Level 6.4 Polearms
 - Level 0.6 Armour
 - Level 2.6 Dodging
 - Level 2.0 Spellcasting
 + Level 4.8 Charms


You had 3 spell levels left.
You knew the following spells:

 Your Spells              Type           Power        Failure   Level  Hunger
a - Infusion              Chrm           ##..         4%          1    ##.....
b - Song of Slaying       Chrm           ##......     7%          2    ###....
c - Shroud of Golubria    Chrm/Tloc      #.....       19%         2    ###....

Your spell library contained the following spells:

 Spells                   Type           Power        Failure   Level  Hunger
 Regeneration             Chrm/Necr      #.........   36%         3    ####...
 Spectral Weapon          Hex/Chrm       #.......     36%         3    ####...


Dungeon Overview and Level Annotations

Branches:
Dungeon (3/15)              Sewer (1/1)

Altars:
Ru

Annotations:
D:3 3 runed translucent doors, Erac's ghost, amateur HaWr; Gruesph's ghost, amateur GrFi; Tiareth's ghost, amateur TrEE; coffeespoons's ghost, amateur MiBe; xight's ghost, amateur DEFE


Message History

* * * LOW HITPOINT WARNING * * *
The bullfrog misses you.
Attack whom?
Press: ? - help, Dir - move target cursor, f/p - bullfrog
Aim: a bullfrog (water, heavily wounded)
You hit the bullfrog. You tail-slap the bullfrog.
The bullfrog is severely wounded.
The bullfrog hits you.
* * * LOW HITPOINT WARNING * * *
The bullfrog hits you.
* * * LOW HITPOINT WARNING * * *
You feel better. The bullfrog barely misses you.
The bullfrog completely misses you. The bullfrog hits you.
* * * LOW HITPOINT WARNING * * *
The bullfrog completely misses you. The bullfrog hits you.
* * * LOW HITPOINT WARNING * * *
Your legs become a tail as you enter the water.
The bullfrog hits you.
You die...

≈≈≈≈≈≈..≈.≈≈≈≈≈#
≈≈≈≈≈≈≈..≈.≈≈≈#
≈≈≈≈≈≈≈≈.≈.∩≈≈#
≈≈≈≈≈≈≈≈≈≈≈≈≈≈#
≈≈≈≈≈≈≈≈≈≈≈≈≈#
≈≈≈≈≈≈≈≈≈≈≈≈≈# #
≈≈.≈≈≈≈≈≈≈≈≈## ≈#
≈≈.≈≈≈≈≈≈≈≈########.#
≈≈≈..≈≈≈≈≈≈≈≈≈≈F@≈≈.#
≈≈≈≈≈≈≈≈≈≈≈≈÷≈≈F≈≈≈≈#
≈≈≈≈≈≈≈≈≈≈≈≈≈≈≈≈≈≈≈.#
≈≈≈≈≈≈≈≈≈≈≈≈≈≈≈≈≈≈≈.#
....≈≈.≈≈≈≈≈≈.......#
#####################


You could see 2 bullfrogs.

Vanquished Creatures
  Terence (D:2)
  A worker ant (D:2)
  5 adders
  A worm (D:2)
  3 dart slugs
  3 leopard geckos
  An orc (D:3)
  5 giant cockroaches
  5 hobgoblins
  4 jackals (D:2)
  8 kobolds
  4 ball pythons
  5 bats
  3 frilled lizards
  7 rats
56 creatures vanquished.

Notes
Turn   | Place    | Note
-------+----------+-------------------------------------------
     0 | D:1      | tilp the Merfolk Skald began the quest for the Orb.
     0 | D:1      | Reached XP level 1. HP: 16/16 MP: 3/3
   268 | D:1      | Reached skill level 4 in Polearms
   268 | D:1      | Reached XP level 2. HP: 22/22 MP: 5/5
  1005 | D:2      | Reached XP level 3. HP: 22/27 MP: 6/6
  1009 | D:2      | Learned a level 2 spell: Song of Slaying
  1012 | D:2      | Learned a level 2 spell: Shroud of Golubria
  1101 | D:2      | Reached skill level 5 in Polearms
  1468 | D:2      | Reached XP level 4. HP: 29/33 MP: 7/7
  1605 | D:2      | Found a sacrificial altar of Ru.
  1613 | D:2      | Became a worshipper of Ru the Awakened
  1678 | D:2      | Noticed Terence
  1708 | D:2      | Killed Terence
  1820 | D:2      | HP: 1/33 [poisoned by an adder]
  2410 | D:2      | Reached skill level 6 in Polearms
  2578 | D:3      | Reached XP level 5. HP: 37/38 MP: 4/8
  2579 | D:3      | Found a runed translucent gate.
  2579 | D:3      | Found a runed translucent gate.
  2579 | D:3      | Noticed Gruesph's ghost (amateur GrFi)
  2579 | D:3      | Noticed Erac's ghost (amateur HaWr)
  2580 | D:3      | Found a runed translucent gate.
  2580 | D:3      | Noticed Tiareth's ghost (amateur TrEE)
  2580 | D:3      | Noticed coffeespoons's ghost (amateur MiBe)
  2580 | D:3      | Noticed xight's ghost (amateur DEFE)
  2712 | D:3      | Found a glowing drain.
  2727 | Sewer    | Entered a sewer
  2839 | Sewer    | Slain by a bullfrog

Levels and vault maps discovered:
D:1:      kennysheep_arrival_forest, layout_basic, minivault_11
D:2:      layout_loops_ring, nicolae_ru_path_of_blood, amethyst_killhole,
          uniq_terence
D:3:      layout_basic, gammafunk_ghost_cemetery, cheibrodos_sewer_entry_drain,
          minmay_distorted
Sewer:    sewer_frog_island_01

Skill      XL: |  1  2  3  4 |
---------------+-------------+-----
Polearms       | 4 5 6 |  6.4
Charms         | 4 |  4.8
Fighting       | |  2.1
Armour         | |  0.6
Dodging        | |  2.6
Spellcasting   | |  2.0

Action                   |  1- 3 |  4- 6 || total
-------------------------+-------+-------++-------
Melee: Spear             |   123 |   146 ||   269
       Tailslap          |       |     7 ||     7
Throw: Stone             |       |     6 ||     6
 Cast: Shroud of Golubri |     2 |     5 ||     7
       Infusion          |     2 |     4 ||     6
       Song of Slaying   |     2 |     4 ||     6
  Use: Potion            |       |     5 ||     5
       Scroll            |       |     1 ||     1
 Stab: Sleeping          |     1 |       ||     1
       Distracted        |       |     1 ||     1
  Eat: Chunk             |     2 |     2 ||     4
       Ration            |       |     1 ||     1
Armor: Leather armour    |    30 |    18 ||    48
Dodge: Dodged            |    96 |    66 ||   162
